 Dungeon Crawl Stone Soup version 0.28.0-43-g3370ac3207 (console) character file.

Game seed: 8407581527804352730

581820 Zeor the Conqueror (level 25, -21/205 HPs)
             Began as a Grey Draconian Hunter on Mar 16, 2022.
             Was a High Priest of Hepliaklqana.
             Blown up by a lich (34 damage)
             ... with a wavering orb of destruction
             ... in Pandemonium on Mar 17, 2022.
             The game lasted 07:10:33 (71798 turns).

Zeor the Conqueror (Grey Draconian Hunter)         Turns: 71798, Time: 07:10:35

Health: -21/205    AC: 32    Str: 19    XL:     25   Next: 40%
Magic:  1/10       EV: 27    Int: 13    God:    Hepliaklqana [*****.]
Gold:   5136       SH:  0    Dex: 23    Spells: 24/24 levels left

rFire   + . .      SeeInvis +   V - +3 lajatang (antimagic)
rCold   + + +      Faith    .   (shield currently unavailable)
rNeg    + + .      Spirit   .   (armour unavailable)
rPois   +          Reflect  .   f - +2 hat "Tagea" {Slay+6}
rElec   +          Harm     .   m - +2 cloak {Will+}
rCorr   +          Rampage  .   Y - +2 pair of gloves {Dex+3}
Will    +++..      Rage     1%  r - +2 pair of boots
Stlth   ++++...... Rnd*Tele +   C - macabre finger necklace {rN+}
HPRegen 0.44/turn               q - ring of Ziqadexo {rElec rC+ Int+4 SInv}
MPRegen 0.12/turn               i - ring of Jacoocs {Will+ AC+4 Str+4}
                                Q - ring of positive energy

@: lethally poisoned (-21 -> -24), resistant, studying Long Blades, invisible,
unable to read
A: reduced essence, AC +17, amphibious, unfitting armour, cold-blooded, berserk
1, cold resistance 2, deterioration 1, dopey 1, frail 1, low MP 1, teleportitis
1, weak 2, inability to read while threatened
}: 4/15 runes: serpentine, barnacled, silver, glowing
a: Renounce Religion, Recall Ancestor, Ancestor Identity, Transference, Idealise


You were in Pandemonium.
You worshipped Hepliaklqana.
Hepliaklqana was extremely pleased with you.
You visited 8 branches of the dungeon, and saw 41 of its levels.
You visited Pandemonium 1 time, and saw 11 of its levels.
You also visited: Gauntlet.

You collected 6924 gold pieces.
You spent 1788 gold pieces at shops.

Inventory:

Hand Weapons
 a - the +9 longbow "Ifipre" {vorpal, rF+ Dex+5 Stlth-}
   (You found it on level 1 of the Snake Pit)

   Any ammunition fired from it inflicts extra damage upon your enemies.
   Dex:       It affects your dexterity (+5).
   rF:        It protects you from fire.
   Stlth:     It makes you less stealthy.
 b - the +5 glaive of Tumult {drain, *Slow +Blink Int+10}
   (You took it off an orc on level 8 of the Dungeon)

   A truly terrible weapon, it drains the life of any living foe it strikes.
   Int:       It affects your intelligence (+10).
   +Blink:    It lets you blink.
   *Slow:     It may slow you when you take damage.
 I - the +9 dagger "Pendulum" {drain, rF++ rC- rN+ SInv}
   (You found it on level 2 of the Snake Pit)

   A truly terrible weapon, it drains the life of any living foe it strikes.
   rF:        It greatly protects you from fire.
   rC:        It makes you vulnerable to cold.
   rN:        It protects you from negative energy.
   SInv:      It lets you see invisible.
 M - the +9 trident "Toakoot" {freeze, Drain rC+++ rN++ Int-5}
   (You found it on level 10 of the Dungeon)

   It freezes those it strikes, dealing additional cold damage.
   It can also slow down cold-blooded creatures.
   Int:       It affects your intelligence (-5).
   rC:        It renders you almost immune to cold.
   rN:        It greatly protects you from negative energy.
   Drain:     It drains your maximum health when unequipped.
 T - the +7 halberd of the Sky {flame, rPois Int+5}
   (You found it in Pandemonium)

   It burns those it strikes, dealing additional fire damage.
   Big, fiery blades are also staple armaments of hydra-hunters.
   Int:       It affects your intelligence (+5).
   rPois:     It protects you from poison.
 V - a +3 antimagic lajatang (weapon)
 W - a +4 trident of holy wrath
Missiles
 c - 730 arrows
 Z - 7 curare-tipped darts (quivered)
Armour
 f - the +2 hat "Tagea" (worn) {Slay+6}
   (You acquired it in Pandemonium)

   Slay:      It affects your accuracy & damage with ranged weapons and melee
   (+6).
 m - a +2 cloak of willpower (worn)
 r - a +2 pair of boots (worn)
 X - the +0 pair of gloves of the Accordion {rPois}
   (You found it in a Gauntlet)

   rPois:     It protects you from poison.
 Y - a +2 pair of gloves of dexterity (worn)
Jewellery
 d - a ring of flight
 i - the ring of Jacoocs (right hand) {Will+ AC+4 Str+4}
   (You bought it in a shop on level 1 of the Shoals)

   [ring of protection]

   AC:        It affects your AC (+4).
   Str:       It affects your strength (+4).
   Will:      It increases your willpower.
 q - the ring of Ziqadexo (left hand) {rElec rC+ Int+4 SInv}
   (You found it on level 4 of the Shoals)

   [ring of see invisible]

   Int:       It affects your intelligence (+4).
   rC:        It protects you from cold.
   rElec:     It insulates you from electricity.
   SInv:      It lets you see invisible.
 v - a ring of poison resistance
 z - a ring of fire
 B - a ring of protection from fire
 C - the macabre finger necklace (around neck) {rN+}
   (You took it off a tengu reaver on level 3 of the Depths)

   [amulet of nothing]

   It enables you to equip an extra ring.
   rN:        It protects you from negative energy.
 D - the ring of Qiufidgh {rF+ SInv}
   (You found it in a Gauntlet)

   [ring of protection from fire]

   rF:        It protects you from fire.
   SInv:      It lets you see invisible.
 E - the amulet "Xulikaus" {Reflect Rampage rF- rCorr SH+5}
   (You bought it in a shop on level 6 of the Dungeon)

   [amulet of reflection]

   It reflects blocked missile attacks.
   rF:        It makes you vulnerable to fire.
   rCorr:     It protects you from acid and corrosion.
   SH:        It affects your SH (+5).
   Rampage:   It bestows one free step when moving towards enemies.
 N - the ring of Recklessness {Ice rN+++ Str-5 Dex+2 Slay-5}
   (You found it on level 5 of the Vaults)

   [ring of ice]

   It enhances your ice magic.
   Str:       It affects your strength (-5).
   Dex:       It affects your dexterity (+2).
   Slay:      It affects your accuracy & damage with ranged weapons and melee
   (-5).
   rF:        It makes you vulnerable to fire.
   rC:        It protects you from cold.
   rN:        It renders you almost immune to negative energy.
 Q - a ring of positive energy (on amulet)
 S - the amulet "Wucijed" {Spirit rElec rF+ Str-3}
   (You took it off a tengu reaver on level 5 of the Vaults)

   [amulet of guardian spirit]

   It causes incoming damage to be divided between your reserves of health and
   magic.
   Str:       It affects your strength (-3).
   rF:        It protects you from fire.
   rElec:     It insulates you from electricity.
Wands
 x - a wand of digging (7)
 A - a wand of iceblast (43)
 G - a wand of acid (17)
Scrolls
 l - 7 scrolls of magic mapping
 o - 9 scrolls of teleportation
 s - 4 scrolls of enchant weapon
 t - 2 scrolls of fog
 w - 3 scrolls of summoning
 y - 3 scrolls of silence
 H - 5 scrolls of fear
 J - 6 scrolls of enchant armour
 L - a scroll of blinking
 O - 2 scrolls of holy word
 R - 6 scrolls of immolation
Potions
 e - 3 potions of magic
 g - 16 potions of curing
 h - a potion of cancellation
 k - a potion of heal wounds
 n - 6 potions of haste
 p - 7 potions of flight
 u - 3 potions of brilliance
 F - a potion of resistance
 K - 14 potions of ambrosia
 P - 2 potions of might
 U - a potion of berserk rage


   Skills:
 O Level 27 Fighting
 + Level 0.5 Short Blades
 + Level 15.2(15.7) Polearms
 + Level 6.5(11.8) Staves
 + Level 24.0 Bows
 * Level 17.0 Dodging
 + Level 7.5 Stealth
 + Level 4.2 Shields
 * Level 19.1 Invocations
 + Level 0.1 Evocations


You had 24 spell levels left.
You didn't know any spells.
Your spell library contained the following spells:

 Spells                   Type           Power      Damage    Failure   Level
 Animate Skeleton         Necr           0%         N/A       30%         1
 Apportation              Tloc           0%         N/A       30%         1
 Foxfire                  Conj/Fire      0%         2x1d4     30%         1
 Freeze                   Ice            0%         1d3       30%         1
 Magic Dart               Conj           0%         1d3       30%         1
 Pain                     Necr           0%         1d4       30%         1
 Slow                     Hex            0%         N/A       30%         1
 Sting                    Tmut/Pois      0%         1d3       30%         1
 Summon Small Mammal      Summ           0%         N/A       30%         1
 Blink                    Tloc           0%         N/A       43%         2
 Call Imp                 Summ           0%         N/A       43%         2
 Corpse Rot               Necr/Air       0%         N/A       43%         2
 Poisonous Vapours        Pois/Air       0%         N/A       43%         2
 Sublimation of Blood     Necr           0%         N/A       43%         2
 Wereblood                Tmut           0%         N/A       43%         2
 Call Canine Familiar     Summ           0%         N/A       67%         3
 Confusing Touch          Hex            0%         N/A       67%         3
 Conjure Flame            Conj/Fire      0%         6-21      67%         3
 Frozen Ramparts          Ice            0%         1d2       67%         3
 Ignite Poison            Fire/Tmut/Pois 0%         N/A       67%         3
 Inner Flame              Hex/Fire       0%         N/A       67%         3
 Lesser Beckoning         Tloc           0%         N/A       67%         3
 Mephitic Cloud           Conj/Pois/Air  0%         N/A       67%         3
 Portal Projectile        Hex/Tloc       0%         N/A       67%         3
 Stone Arrow              Conj/Erth      0%         3d7       67%         3
 Summon Guardian Golem    Hex/Summ       0%         N/A       67%         3
 Tukima's Dance           Hex            0%         N/A       67%         3
 Vampiric Draining        Necr           0%         2d6       67%         3
 Airstrike                Air            0%         N/A       97%         4
 Animate Dead             Necr           0%         N/A       97%         4
 Cause Fear               Hex            0%         N/A       97%         4
 Flame Wave               Conj/Fire      0%         2d4       97%         4
 Fulminant Prism          Conj/Hex       0%         3d6       97%         4
 Hailstorm                Conj/Ice       0%         3d3       97%         4
 Ice Form                 Ice/Tmut       0%         N/A       97%         4
 Iskenderun's Mystic Bla  Conj/Tloc      0%         2d3       97%         4
 Olgreb's Toxic Radiance  Pois           0%         N/A       97%         4
 Passage of Golubria      Tloc           0%         N/A       97%         4
 Petrify                  Tmut/Erth      0%         N/A       97%         4
 Summon Ice Beast         Ice/Summ       0%         N/A       97%         4
 Summon Lightning Spire   Summ/Air       0%         N/A       97%         4
 Agony                    Necr           0%         N/A       100%        5
 Alistair's Intoxication  Tmut/Pois      0%         N/A       100%        5
 Blade Hands              Tmut           0%         N/A       100%        5
 Borgnjor's Vile Clutch   Necr/Erth      0%         N/A       100%        5
 Excruciating Wounds      Necr           0%         N/A       100%        5
 Fireball                 Conj/Fire      0%         3d3       100%        5
 Freezing Cloud           Conj/Ice/Air   0%         6-21      100%        5
 Irradiate                Conj/Tmut      0%         3d14      100%        5
 Iskenderun's Battlesphe  Conj           0%         2d6       100%        5
 Lee's Rapid Deconstruct  Erth           0%         3d5*      100%        5
 Lightning Bolt           Conj/Air       0%         1d11      100%        5
 Manifold Assault         Tloc           0%         N/A       100%        5
 Metabolic Englaciation   Hex/Ice        0%         N/A       100%        5
 Yara's Violent Unravell  Hex/Tmut       0%         3d3       100%        5
 Conjure Ball Lightning   Conj/Air       0%         3x3d6     100%        6
 Death Channel            Necr           0%         N/A       100%        6
 Iron Shot                Conj/Erth      0%         9d1       100%        6
 Statue Form              Tmut/Erth      0%         N/A       100%        6
 Enfeeble                 Hex            0%         N/A       100%        7
 Orb of Destruction       Conj           0%         9d5       100%        7
 Summon Hydra             Summ           0%         N/A       100%        7
 Discord                  Hex            0%         N/A       100%        8
 Lehudib's Crystal Spear  Conj/Erth      0%         10d2      100%        8
 Animate Armour           Summ/Erth      Unusable   N/A       N/A         4

Dungeon Overview and Level Annotations

Branches:
Dungeon (15/15)            Temple (1/1) D:4            Lair (6/6) D:9
 Shoals (4/4) Lair:3        Snake (4/4) Lair:2        Slime (0/5) Lair:6
    Orc (2/2) D:12            Elf (0/3) Orc:2        Vaults (5/5) D:13
  Crypt (0/3) Vaults:2     Depths (4/4) D:15            Zot (0/5) Depths:4
Gauntlet (visited)

Altars:
Ashenzari
Cheibriados
Dithmenos
Elyvilon
Fedhas
Gozag
Hepliaklqana
Kikubaaqudgha
Makhleb
Nemelex Xobeh
Okawaru
Qazlal
Ru
Sif Muna
Trog
Uskayaw
Vehumet
Wu Jian
Xom
Yredelemnul
Zin
The Shining One
Jiyva

Shops:
D:2 *   D:4 *   D:5 :   D:6 (=   D:12 (   Orc:2 [(([*   Shoals:1 =   Shoals:3 [
Snake:3 [   Vaults:1 (   Depths:1 *   Depths:4 *

Portals:
Hell: Depths:1 Depths:2 Depths:3 Depths:4
Abyss: Depths:2 Depths:3
Pandemonium: Depths:2
Ziggurat: Depths:2
Trove: Vaults:3 (give +4 shadow dragon scales)

Annotations:
D:2 Sigmund
D:3 3 runed translucent doors, scisormetimb3rs's ghost, amateur OpEE
D:10 1 runed translucent door
D:14 3 runed translucent doors, Amidud's ghost, journeyman DgWn
Lair:5 exclusion: oklob plant
Lair:6 2 runed translucent doors
Snake:1 1 runed translucent door, Soldner's ghost, adept DsBe
Snake:3 1 runed translucent door, Sokuv's ghost, adept DECj
Vaults:1 1 runed translucent door, Kare Xaoge's ghost, adept DgTm


Innate Abilities, Weirdness & Mutations

Your life essence is reduced to manifest your ancestor. (-10% HP)
Your dull iron-grey scales are very hard. (AC +17)
You are amphibious.
You cannot fit into any form of body armour.
You are cold-blooded and may be slowed by cold attacks.
You tend to lose your temper in combat.
Your flesh is very cold resistant. (rC++)
Your body sometimes deteriorates upon taking damage.
You are dopey. (Int -2)
You are frail. (-10% HP)
Your magical capacity is low. (-10% MP)
You are occasionally teleported next to monsters.
You are very weak. (Str -4)
You sometimes lose the ability to read scrolls when taking damage.


Message History

You feel very sick. The blizzard demon misses you.
The blizzard demon completely misses you.
The lich casts a spell at you. You resist with almost no effort.
The wizard completely misses you. Lom Lobon closely misses you.
You slice the lich!!
The lich's magic leaks into the air.
The lich is moderately damaged.
You feel sick. The blizzard demon barely misses you.
The blizzard demon hits you but does no damage.
The lich misses you.
You slash Lom Lobon!
Lom Lobon's magic leaks into the air.
Lom Lobon is almost dead.
You feel sick. The wizard hits you but does no damage.
Lom Lobon falters for a moment.
You miss Lom Lobon.
Lom Lobon is almost dead.
You feel sick.
The blizzard demon completely misses you. x2
The lich falters for a moment.
The wizard completely misses you.
Lom Lobon falters for a moment.
You slash Lom Lobon!
You kill Lom Lobon!
You feel sick.
The titan waves its arms in wide circles.
The air twists around and strikes you!
* * * LOW HITPOINT WARNING * * *
The blizzard demon misses you.
The blizzard demon hits you but does no damage.
The lich touches you but does no damage.
The wizard mumbles some strange words.
The wizard blinks!
You fade into invisibility!
You feel sick.
The lich's magic is no longer disrupted.
The blizzard demon completely misses you.
The blizzard demon closely misses you.
The lich launches a ball of destructive magic.
The wavering orb of destruction weakly hits you!!
You die...

≈≈≈≈≈≈≈≈≈≈≈≈∙∙∙∙∙∙▒▒▒
∙∙∙∙∙∙∙∙∙∙≈≈∙∙∙∙∙∙∙∙▒
∙∙∙∙∙∙∙∙∙≈≈∙∙∙∙∙∙∙∙∙▒▒
≈≈≈≈≈≈≈≈≈≈∙∙∙∙∙∙∙∙∙∙∙▒
∙∙∙)∙∙∙∙∙∙∙∙▒▒∙∙[∙∙∙∙▒
∙∙∙∙∙∙∙∙∙∙▒▒▒▒▒∙∙∙∙∙∙▒▒
≈≈≈≈≈≈≈≈▒▒▒ ▒▒∙∙(∙∙∙▒
▒▒▒▒▒▒▒▒▒ ▒#2(∙∙∙▒
▒dL(∙(▒▒ ≈∙∙∙∙(∙∙∙[[∙▒
?∙∙∙∙()(∙∙(∙▒
∙∙∙∙C∙∙(∙∙p∙▒
∙∙∙((∙∙∙∙(∙▒▒
∙∙∙∙∙((∙∙∙▒▒
≈≈∙∙(∙∙∙▒▒▒ ≈≈≈(∙∙(▒▒


You could see a titan, a lich (invisible), a blizzard demon and a wizard.

Vanquished Creatures
  Lom Lobon (Pan)
  A pandemonium lord (Pan)
  An ancient lich (Vaults:5)
  Margery (Depths:4)
  The ghost of Loush the Slayer, a veteran MiFi of Okawaru (Vaults:4)
  A caustic shrike (Depths:4)
  7 Tzitzimimeh (Pan)
  A bone dragon (Depths:4)
  A Brimstone Fiend (Pan)
  3 tentacled monstrosities
  2 Hell Sentinels (Pan)
  6 titans
  4 liches
  2 Ice Fiends (Pan)
  A walking frostbound tome (Depths:3)
  4 Executioners (Pan)
  A walking divine tome (Depths:3)
  4 krakens (Shoals:4)
  5 sphinxes
  Polyphemus (Shoals:2)
  Agnes (Snake:1)
  5 storm dragons
  9 tengu reavers
  6 shadow dragons
  2 deep elf sorcerers
  Ilsuiw (Shoals:2)
  A nagaraja (Snake:4)
  5 fire giants
  2 iron dragons
  5 frost giants
  3 orc warlords
  10 vault wardens
  Aizul (Snake:1)
  3 spriggan defenders
  A draconian shifter (Depths:4)
  14 cacodemons (Pan)
  11 stone giants
  4 balrugs (Pan)
  A demonspawn blood saint (Pan)
  A draconian annihilator (Pan)
  11 very ugly things
  2 war gargoyles (Vaults:2)
  5 vampire knights
  5 ironbound thunderhulks
  6 ironbound preservers
  15 reapers (Pan)
  6 demonspawn black suns (Pan)
  2 black draconians (Depths:4)
  4 entropy weavers
  7 dire elephants
  A yellow draconian (Depths:4)
  3 deep elf annihilators (Pan)
  7 lorocyprocas (Pan)
  A red draconian (Depths:4)
  A minotaur (Gauntlet)
  5 blizzard demons (Pan)
  3 spark wasps (Depths:2)
  6 green deaths (Pan)
  7 merfolk javelineers
  5 fire dragons
  A jiangshi (Depths:4)
  10 ettins
  5 merfolk impalers
  Josephine (D:15)
  4 deep elf high priests
  9 yaktaur captains
  7 great orbs of eyes
  19 vault guards
  4 rakshasas
  13 naga warriors
  A peacekeeper (Vaults:2)
  A hell beast (Pan)
  6 ice dragons
  2 salamander tyrants (Snake:4)
  3 spriggan air magi
  An alligator (D:12)
  6 hydras
  11 ironbound frosthearts
  An ogre mage (Vaults:5)
  5 boulder beetles
  An alligator snapping turtle (Shoals:1)
  2 catoblepae
  A two-headed ogre (shapeshifter) (Vaults:5)
  7 anacondas
  13 centaur warriors
  4 merfolk aquamancers
  5 merfolk avatars
  4 satyrs
  3 two-headed ogres
  2 death yaks (Shoals:2)
  6 deep troll shamans
  7 deep troll earth magi
  17 naga sharpshooters
  2 tengu warriors
  2 vampire magi
  2 orc high priests (Orc:2)
  4 spriggan berserkers
  4 shock serpents
  20 soul eaters (Pan)
  Sonja (Lair:2)
  7 hell knights
  31 sun demons
  A golden dragon zombie (Depths:3)
  An iron troll (shapeshifter) (Vaults:5)
  A fire crab (Gauntlet)
  8 sea snakes
  5 salamander mystics
  20 sixfirhies (Pan)
  4 iron trolls
  A skeletal warrior (D:8)
  28 deep trolls
  A shadow demon (Pan)
  4 spriggan druids (Depths:2)
  2 flayed ghosts
  A tengu zombie (Depths:3)
  2 glowing orange brains
  10 wizards
  6 phantasmal warriors
  21 ironbound convokers
  5 lindwurms
  5 necromancers
  15 orc knights
  A deep elf pyromancer (Vaults:5)
  8 mana vipers
  10 naga ritualists
  12 harpies
  Pikel (D:4)
  35 ugly things
  An orc sorcerer (Orc:1)
  13 salamanders
  13 manticores
  2 deep elf zephyrmancers (Vaults:5)
  8 fauns
  A frost giant zombie (Vaults:2)
  11 cyclopes
  A shining eye (Depths:2)
  7 elephants
  13 merfolk sirens
  An eye of devastation (Depths:2)
  2 rust devils (Pan)
  2 guardian serpents
  22 smoke demons (Pan)
  30 black mambas
  22 naga magi
  2 water nymphs
  10 vault sentinels
  2 gargoyles
  10 cane toads
  An eye of devastation (shapeshifter) (Vaults:5)
  18 orange demons (Pan)
  A molten gargoyle (Lair:6)
  5 hellions (Pan)
  An unseen horror (D:13)
  41 yaktaurs
  24 demonic crawlers (Pan)
  A rime drake (Lair:4)
  2 efreet
  6 komodo dragons
  3 red devils (Pan)
  A kobold demonologist (D:10)
  2 spectral nagas (Snake:2)
  3 freezing wraiths
  19 hellwings (Pan)
  6 tormentors (Pan)
  6 tengu conjurers
  23 merfolk
  3 trolls
  2 meliai (Lair:5)
  A yaktaur skeleton (Vaults:3)
  30 large abominations (Pan)
  A polar bear (Lair:3)
  A tyrant leech (D:12)
  2 tyrant leeches (shapeshifter)
  10 wind drakes
  9 dream sheep
  4 hornets (Depths:2)
  A tarantella (Vaults:4)
  21 blink frogs
  A frost giant simulacrum (Depths:3)
  A dream sheep (shapeshifter) (Vaults:5)
  16 slime creatures
  7 snapping turtles
  An ettin zombie (Vaults:3)
  4 flying skulls (Gauntlet)
  A fire giant simulacrum (Vaults:2)
  15 water elementals
  2 wraiths
  3 jumping spiders
  A shadow (D:11)
  A culicivora (shapeshifter) (D:14)
  13 spriggans (Depths:2)
  A vampire (D:13)
  32 yaks
  17 ynoxinuls (Pan)
  22 chaos spawn (Pan)
  5 wyverns
  An elf zombie (Vaults:2)
  4 fire bats (Gauntlet)
  3 golden eyes (Pan)
  4 steam dragons
  6 basilisks
  2 vampire mosquitoes (D:14)
  4 redbacks
  31 neqoxecs (Pan)
  2 wargs (Orc:1)
  21 nagas
  6 water moccasins
  4 hell hounds
  2 acid dragons
  3 floating eyes
  32 orc warriors
  2 ice beasts
  3 black bears
  A necrophage (D:6)
  2 ogres
  2 wolves
  13 centaurs
  2 phantoms
  9 bullfrogs
  2 kobold brigands
  A gnoll sergeant (D:8)
  A wyvern zombie (D:8)
  A water moccasin zombie (D:6)
  21 killer bees
  7 wights (D:8)
  2 vampire bats (D:4)
  2 electric eels
  5 howler monkeys
  4 lava snakes (Lair:6)
  2 jellies
  3 centaur zombies
  6 hounds
  2 human zombies
  21 orc priests
  2 bullfrog skeletons
  Crazy Yiuf (D:3)
  Terence (D:3)
  4 iguanas
  16 orc wizards
  2 hell rats (D:12)
  3 gnolls (D:3)
  3 adders
  2 river rats (D:12)
  A shadow imp (Pan)
  An adder skeleton (D:4)
  9 worms
  5 dart slugs
  71 orcs
  5 bat skeletons (D:4)
  A bat zombie (D:4)
  6 endoplasms
  2 giant cockroaches (D:3)
  11 goblins
  8 hobgoblins
  3 jackals (D:12)
  3 quokkas
  6 ball pythons
  8 bats
  8 frilled lizards
  11 kobolds
  13 rats
  A tentacle (Shoals:4)
1709 creatures vanquished.

Vanquished Creatures (collateral kills)
  Mnoleg (Pan)
  A dread lich (Vaults:5)
  An ancient lich (Vaults:5)
  4 pandemonium lords (Pan)
  Saint Roka (Depths:3)
  2 golden dragons
  The ghost of TPoD the Slayer, an adept HOMo of Beogh (Vaults:4)
  A Brimstone Fiend (Pan)
  5 Tzitzimimeh (Pan)
  2 tentacled monstrosities (Vaults:5)
  A lich (Depths:3)
  2 Hell Sentinels (Pan)
  An Executioner (Pan)
  2 krakens
  6 tengu reavers
  2 storm dragons (Vaults:5)
  Donald (Vaults:1)
  3 shadow dragons (Vaults:5)
  A draconian monk (Depths:4)
  An iron dragon (Depths:3)
  7 vault wardens
  9 cacodemons (Pan)
  A balrug (Pan)
  An orc warlord (Orc:2)
  3 ironbound preservers
  A spriggan defender (Depths:4)
  5 reapers (Pan)
  9 very ugly things
  3 demonspawn blood saints (Pan)
  2 demonspawn corrupters (Pan)
  2 war gargoyles (Vaults:5)
  2 stone giants
  2 demonspawn black suns (Pan)
  An ironbound thunderhulk (Vaults:3)
  Nessos (D:13)
  4 dire elephants
  A green draconian (Depths:4)
  A black draconian (Depths:4)
  A deep elf annihilator (Vaults:5)
  2 lorocyprocas (Pan)
  2 ettins
  4 spark wasps
  A merfolk impaler (Shoals:4)
  A jiangshi (Depths:4)
  A deep elf death mage (Vaults:1)
  A fire dragon (Depths:3)
  4 blizzard demons (Pan)
  5 green deaths (Pan)
  A merfolk javelineer (Shoals:4)
  A deep elf high priest (Vaults:5)
  3 yaktaur captains
  3 rakshasas
  7 naga warriors
  A great orb of eyes (Vaults:5)
  4 centaur warriors
  2 anacondas (Snake:4)
  An ice dragon (Depths:4)
  A spriggan air mage (Depths:3)
  An ogre mage (Vaults:5)
  13 vault guards
  A hydra (D:8)
  An alligator (D:12)
  4 ironbound frosthearts
  2 two-headed ogres
  A vampire mage (Depths:1)
  A satyr (Shoals:4)
  A deep troll shaman (Depths:2)
  4 naga sharpshooters
  3 orc high priests (Orc:2)
  2 soul eaters (Pan)
  10 sun demons (Pan)
  3 hell knights (Depths:4)
  8 sixfirhies (Pan)
  An iron troll (Depths:2)
  A salamander mystic (Snake:4)
  A shadow demon (Pan)
  3 sea snakes
  12 deep trolls
  A lindwurm (shapeshifter) (Vaults:5)
  2 naga ritualists (Snake:3)
  3 harpies
  4 ironbound convokers
  2 lindwurms
  A deep elf pyromancer (D:13)
  A phantasmal warrior (Vaults:5)
  2 orc knights
  2 wizards (Vaults:1)
  A necromancer (Vaults:3)
  6 mana vipers
  2 orc sorcerers
  6 large abominations (Pan)
  18 ugly things
  2 salamanders
  2 fauns (Shoals:3)
  4 elephants
  A guardian serpent (Snake:1)
  10 black mambas
  3 vault sentinels
  A water nymph (Shoals:4)
  A merfolk siren (Shoals:4)
  5 naga magi
  6 smoke demons (Pan)
  8 orange demons (Pan)
  5 cane toads
  A molten gargoyle (Lair:6)
  An unseen horror (D:8)
  A yaktaur zombie (Vaults:3)
  3 komodo dragons (Lair:6)
  4 demonic crawlers (Pan)
  3 freezing wraiths
  A tormentor (Pan)
  A hellwing (Pan)
  2 yaktaurs
  2 hellions (Pan)
  A queen bee (Lair:5)
  A troll (Orc:2)
  11 merfolk
  A polar bear (Lair:6)
  A meliai (Lair:5)
  A wind drake (shapeshifter) (Vaults:5)
  A hornet (Depths:2)
  6 slime creatures
  A raiju (Gauntlet)
  7 wind drakes
  2 tyrant leeches (D:12)
  A snapping turtle (Shoals:3)
  8 blink frogs
  2 flying skulls (Gauntlet)
  A spriggan (shapeshifter) (D:12)
  4 water elementals
  6 ynoxinuls (Pan)
  16 yaks
  3 vampires
  5 spriggans (Depths:2)
  2 fire bats (Gauntlet)
  2 wraiths (D:15)
  A basilisk (Lair:6)
  A neqoxec (Pan)
  3 chaos spawn (Pan)
  A redback (Vaults:4)
  A steam dragon (Gauntlet)
  Menkaure (D:7)
  3 nagas
  A warg (Orc:2)
  3 hell hounds
  2 water moccasins
  18 orc warriors
  A necrophage (D:7)
  An ogre (Orc:2)
  3 wolves (Lair:3)
  2 centaurs (D:12)
  A kobold brigand (D:10)
  3 bullfrogs
  14 killer bees
  2 wights (D:8)
  An electric eel (Lair:5)
  A centaur zombie (D:8)
  A lava snake (Lair:6)
  2 hounds (D:12)
  2 orc priests
  8 orc wizards
  2 river rats (D:12)
  A worm (D:12)
  20 orcs
  3 jackals (D:12)
  2 kobolds
  3 rats (D:12)
  7 tentacles
529 creatures vanquished.

Vanquished Creatures (others)
  An eldritch tentacle (Pan)
  A stone giant (Vaults:5)
  A demonspawn blood saint (Pan)
  3 yaktaur captains
  A spriggan air mage (Pan)
  A deep elf archer (Vaults:5)
  A vault sentinel (Vaults:4)
  4 yaktaurs
  26 knights
  An ancestor (D:6)
  An orc (Depths:3)
  6 ball lightnings (Pan)
  29 fungi
  299 plants
  29 tentacles
404 creatures vanquished.

Grand Total: 2642 creatures vanquished

Notes
Turn   | Place    | Note
-------+----------+-------------------------------------------
     0 | D:1      | Zeor the Draconian Hunter began the quest for the Orb.
     0 | D:1      | Reached XP level 1. HP: 17/17 MP: 1/1
    90 | D:1      | Reached XP level 2. HP: 24/24 MP: 2/2
   316 | D:1      | Found a faded altar of an unknown god.
   663 | D:1      | Got the Guide on Enchanting Confrontation
   922 | D:2      | Noticed Sigmund
  1025 | D:2      | Reached XP level 3. HP: 30/30 MP: 3/3
  1110 | D:2      | You fall into a shaft and drop 1 floor!
  1181 | D:3      | Noticed Terence
  1188 | D:3      | Killed Terence
  1189 | D:3      | Reached XP level 4. HP: 37/37 MP: 4/4
  1334 | D:2      | Found Qyfecyl's Assorted Antiques.
  2326 | D:3      | Found a runed translucent door.
  2327 | D:3      | Noticed Crazy Yiuf
  2334 | D:3      | Killed Crazy Yiuf
  2335 | D:3      | Reached skill level 5 in Bows
  2335 | D:3      | Reached skill level 1 in Stealth
  2517 | D:3      | Reached skill level 3 in Fighting
  2517 | D:3      | Reached XP level 5. HP: 38/45 MP: 5/5
  2882 | D:3      | Noticed scisormetimb3rs's ghost (amateur OpEE)
  2883 | D:3      | Found a runed translucent gate.
  2883 | D:3      | Found a runed translucent gate.
  2883 | D:3      | Found a runed translucent gate.
  2925 | D:3      | Noticed a phantom
  2933 | D:3      | Killed a phantom
  2934 | D:3      | Reached XP level 6. HP: 51/51 MP: 6/6
  3193 | D:3      | Reached skill level 1 in Staves
  3279 | D:4      | Noticed a water moccasin
  3284 | D:4      | Killed a water moccasin
  3492 | D:4      | Your scales start taking on a dull iron-grey colour.
  3492 | D:4      | Reached XP level 7. HP: 58/58 MP: 7/7
  3503 | D:4      | Found a white marble altar of Elyvilon.
  3588 | D:4      | Noticed Pikel
  3598 | D:4      | Killed Pikel
  3599 | D:4      | Reached skill level 4 in Fighting
  3599 | D:4      | Reached XP level 8. HP: 66/66 MP: 8/8
  3795 | D:4      | Found Bitsieth's General Store.
  3805 | D:4      | Bought a potion of curing for 42 gold pieces
  3839 | D:4      | Found a staircase to the Ecumenical Temple.
  3848 | Temple   | Entered the Ecumenical Temple
  3915 | Temple   | Became a worshipper of Hepliaklqana the Forgotten
  4027 | D:5      | Entered Level 5 of the Dungeon
  4165 | D:5      | Found a radiant altar of Vehumet.
  4287 | D:5      | Found Cetiafec's Book Shoppe.
  4471 | D:5      | Found a stormy altar of Qazlal.
  4472 | D:5      | Found an ornate altar of the Wu Jian Council.
  4524 | D:5      | Reached * piety under Hepliaklqana
  4764 | D:6      | Found Pijuow's Weapon Boutique.
  4817 | D:6      | Reached skill level 1 in Invocations
  4927 | D:6      | Reached ** piety under Hepliaklqana
  4929 | D:6      | Remembered your ancestor Si-Tayit as a knight
  4985 | D:6      | Found Vanowk's Jewellery Shoppe.
  5284 | D:7      | Noticed Menkaure
  5290 | D:7      | Killed Menkaure
  5476 | D:7      | Reached XP level 9. HP: 64/64 MP: 10/10
  6080 | D:4      | Bought a +3 vorpal shortbow for 301 gold pieces
  6119 | D:4      | Reached skill level 5 in Fighting
  6196 | D:4      | Found an ancient bone altar of Kikubaaqudgha.
  6262 | D:4      | Found a shimmering blue altar of Sif Muna.
  6410 | D:7      | Reached skill level 5 in Dodging
  6712 | D:8      | Reached skill level 10 in Bows
  6748 | D:8      | Noticed a two-headed ogre
  6753 | D:8      | Killed a two-headed ogre
  6802 | D:8      | Reached XP level 10. HP: 72/72 MP: 12/12
  6803 | D:8      | Identified the +5 glaive of Tumult {drain, *Slow +Blink
                  | Int+10}
  6803 | D:8      | Identified the +1 scale mail of Impatience {rN+ Str+3}
  6847 | D:8      | Noticed a four-headed hydra
  6853 | D:8      | Killed a four-headed hydra
  6862 | D:8      | Noticed a cyclops
  6867 | D:8      | Killed a cyclops
  7001 | D:8      | Reached skill level 6 in Fighting
  7035 | D:8      | Identified the +5 leather armour of Absence {rC+}
  7132 | D:8      | Noticed a skeletal warrior
  7168 | D:8      | Killed a skeletal warrior
  7417 | D:8      | Reached skill level 5 in Invocations
  7513 | D:8      | Found an iron altar of Okawaru.
  7513 | D:8      | Found a snail-covered altar of Cheibriados.
  7872 | D:9      | Found a staircase to the Lair.
  7910 | D:9      | Reached *** piety under Hepliaklqana
  7953 | D:9      | Reached XP level 11. HP: 68/81 MP: 14/14
  8442 | D:9      | Found a sparkling altar of Nemelex Xobeh.
  8446 | D:9      | Found a broken altar of Ashenzari.
  8449 | D:9      | Found a blossoming altar of Fedhas.
  8621 | Lair:1   | Entered Level 1 of the Lair of Beasts
  8723 | Lair:1   | Noticed a five-headed hydra
  8730 | Lair:1   | Killed a five-headed hydra
  8946 | Lair:1   | Reached **** piety under Hepliaklqana
  9001 | Lair:1   | Reached skill level 7 in Fighting
  9796 | Lair:2   | Noticed Sonja
 10163 | Lair:2   | Found the +8 demon blade "Leech" {vamp, Harm Drain rN+}
 10217 | Lair:2   | Reached skill level 5 in Staves
 10260 | Lair:2   | Noticed a four-headed hydra
 10271 | Lair:2   | Killed a four-headed hydra
 10337 | Lair:2   | Killed Sonja
 10338 | Lair:2   | Reached XP level 12. HP: 90/90 MP: 16/16
 10355 | Lair:2   | Found a staircase to the Snake Pit.
 10809 | Lair:3   | Found a snail-covered altar of Cheibriados.
 10820 | Lair:3   | Reached skill level 8 in Fighting
 10914 | Lair:3   | Reached ***** piety under Hepliaklqana
 11126 | Lair:3   | Found a staircase to the Shoals.
 11931 | Lair:4   | Reached skill level 15 in Bows
 12183 | D:6      | Bought the amulet "Xulikaus" {Reflect Rampage rF- rCorr
                  | SH+5} for 462 gold pieces
 12644 | Lair:4   | Noticed a seven-headed hydra
 12650 | Lair:4   | Killed a seven-headed hydra
 13001 | Lair:5   | You fall into a shaft and drop 1 floor!
 13001 | Lair:6   | Entered Level 6 of the Lair of Beasts
 13038 | Lair:6   | Reached skill level 9 in Fighting
 13047 | Lair:6   | Reached XP level 13. HP: 73/99 MP: 18/18
 13467 | Lair:6   | Found a large runed translucent door.
 13467 | Lair:6   | Found a large runed translucent door.
 13941 | Lair:6   | Noticed a fire dragon
 14312 | Lair:6   | Reached skill level 1 in Polearms
 14558 | Lair:6   | Found a viscous altar of Jiyva.
 14558 | Lair:6   | Found a staircase to the Slime Pits.
 14578 | Lair:6   | Reached skill level 10 in Fighting
 15354 | Lair:5   | Reached ****** piety under Hepliaklqana
 16502 | Lair:5   | Found a shimmering altar of Xom.
 16667 | D:10     | Entered Level 10 of the Dungeon
 17373 | D:10     | Identified the +9 trident "Toakoot" {freeze, Drain rC+++
                  | rN++ Int-5}
 17647 | D:10     | Found a runed translucent door.
 17662 | D:10     | Found a basalt altar of Yredelemnul.
 18032 | D:11     | Reached XP level 14. HP: 108/108 MP: 20/20
 18314 | D:11     | Reached skill level 5 in Polearms
 18820 | D:12     | Found Esaiket's Weapon Boutique.
 18820 | D:12     | Found a staircase to the Orcish Mines.
 18878 | D:12     | Bought 5 arrows for 14 gold pieces
 19432 | D:12     | Reached skill level 1 in Shields
 20320 | D:13     | Found a gate to the Vaults.
 20769 | D:13     | Reached skill level 11 in Fighting
 20823 | D:13     | Noticed Nessos
 20829 | D:13     | Killed Nessos
 21792 | D:14     | Found a runed translucent gate.
 21792 | D:14     | Found a runed translucent gate.
 21794 | D:14     | Found a runed translucent gate.
 21905 | D:14     | Noticed Amidud's ghost (journeyman DgWn)
 22474 | D:15     | Entered Level 15 of the Dungeon
 22680 | D:15     | Noticed Josephine
 22689 | D:15     | Killed Josephine
 22690 | D:15     | Reached XP level 15. HP: 114/118 MP: 18/22
 22787 | D:15     | Found a gate leading to a gauntlet.
 22796 | Gauntlet | Entered a Gauntlet
 22796 | Gauntlet | Found a transporter.
 22796 | Gauntlet | Found a transporter.
 22800 | Gauntlet | Found a transporter.
 22803 | Gauntlet | Found a transporter.
 22804 | Gauntlet | Found a transporter.
 22804 | Gauntlet | Found a transporter.
 22835 | Gauntlet | Found a transporter.
 22839 | Gauntlet | Found a transporter.
 22843 | Gauntlet | Found a runed translucent door.
 22845 | Gauntlet | Found a runed translucent door.
 22847 | Gauntlet | Found a transporter.
 22863 | Gauntlet | Found a transporter.
 22889 | Gauntlet | Found a transporter.
 22893 | Gauntlet | Found a transporter.
 22936 | Gauntlet | Identified the ring of Qiufidgh {rF+ SInv}
 23143 | Gauntlet | Reached skill level 12 in Fighting
 23217 | Gauntlet | Identified the +0 pair of gloves of the Accordion {rPois}
 23502 | D:15     | Found a staircase to the Depths.
 23548 | D:15     | Reached skill level 10 in Invocations
 23941 | Orc:1    | Entered Level 1 of the Orcish Mines
 24136 | Orc:2    | Entered Level 2 of the Orcish Mines
 24171 | Orc:2    | Reached skill level 5 in Stealth
 24257 | Orc:2    | Noticed an orc warlord
 24265 | Orc:2    | Killed an orc warlord
 24554 | Orc:2    | Found a staircase to the Elven Halls.
 26002 | Orc:2    | Found Ridgh's Weapon Shoppe.
 26005 | Orc:2    | Found Raicvab's Armour Emporium.
 26006 | Orc:2    | Found Tuhar's Antique Weapon Shoppe.
 26007 | Orc:2    | Found Ecvidghao's General Store.
 26112 | Orc:2    | Found Webeta's Armour Shop.
 26704 | Snake:1  | Entered Level 1 of the Snake Pit
 26705 | Snake:1  | Found a runed translucent door.
 26710 | Snake:1  | Reached skill level 13 in Fighting
 26710 | Snake:1  | Noticed Soldner's ghost (adept DsBe)
 26794 | Snake:1  | Noticed Agnes
 26802 | Snake:1  | Killed Agnes
 26803 | Snake:1  | Reached skill level 10 in Dodging
 26956 | Snake:1  | Identified the +9 longbow "Ifipre" {vorpal, rF+ Dex+5
                  | Stlth-}
 27262 | Snake:1  | Noticed Aizul
 27273 | Snake:1  | Killed Aizul
 27274 | Snake:1  | Reached XP level 16. HP: 103/129 MP: 19/24
 27601 | Snake:1  | Reached skill level 10 in Polearms
 28677 | Snake:2  | Reached skill level 14 in Fighting
 29382 | Snake:2  | Identified the +9 dagger "Pendulum" {drain, rF++ rC- rN+
                  | SInv}
 30182 | Snake:3  | Found a runed translucent door.
 30191 | Snake:3  | Found a shimmering altar of Xom.
 30191 | Snake:3  | Noticed Sokuv's ghost (adept DECj)
 30192 | Snake:3  | Identified the +3 halberd "Xyatywn" {chaos, rC+}
 30295 | Snake:3  | Found Azaut's Antique Armour Shop.
 31430 | Snake:4  | Entered Level 4 of the Snake Pit
 31674 | Snake:4  | Reached XP level 17. HP: 138/138 MP: 25/25
 31971 | Snake:4  | Reached skill level 15 in Fighting
 33279 | Snake:4  | Got a serpentine rune of Zot
 33475 | Shoals:1 | Entered Level 1 of the Shoals
 33811 | Shoals:1 | Found Zaodduy's Jewellery Shop.
 33826 | Shoals:1 | Bought the ring of Jacoocs {Will+ AC+4 Str+4} for 969 gold
                  | pieces
 34009 | Shoals:1 | Noticed a kraken
 34017 | Shoals:1 | Killed a kraken
 34143 | Shoals:1 | Reached skill level 16 in Fighting
 34782 | Shoals:2 | Noticed Polyphemus
 34791 | Shoals:2 | Killed Polyphemus
 34884 | Shoals:2 | Noticed a kraken
 34893 | Shoals:2 | Killed a kraken
 34964 | Shoals:2 | Noticed Ilsuiw
 34976 | Shoals:2 | Killed Ilsuiw
 35169 | Shoals:2 | Reached XP level 18. HP: 151/151 MP: 27/27
 35634 | Shoals:3 | Found Hetil's Antique Armour Emporium.
 36873 | Shoals:4 | Entered Level 4 of the Shoals
 36934 | Shoals:4 | Identified the ring of Itisiesa {Drain rF+ rCorr Str+3}
 37350 | Shoals:4 | Reached skill level 17 in Fighting
 37647 | Shoals:4 | Got a barnacled rune of Zot
 37700 | Shoals:4 | Identified the +7 chain mail "Hioxazea" {Regen+ rCorr}
 38332 | Shoals:4 | Identified the amulet "Maicsazu" {Acrobat Contam Dex+2
                  | SInv}
 38554 | Shoals:4 | Identified the ring of Ziqadexo {rElec rC+ Int+4 SInv}
 38894 | Vaults:1 | Entered Level 1 of the Vaults
 39162 | Vaults:1 | Found Abbeus's Weapon Emporium.
 39578 | Vaults:1 | Noticed Donald
 39587 | Vaults:1 | Killed Donald
 40127 | Vaults:1 | Reached skill level 18 in Fighting
 40492 | Vaults:1 | Reached XP level 19. HP: 152/161 MP: 28/28
 40630 | Vaults:1 | Found a runed translucent door.
 40630 | Vaults:1 | Found a shimmering altar of Xom.
 40630 | Vaults:1 | Noticed Kare Xaoge's ghost (adept DgTm)
 40797 | Vaults:1 | Killed the ghostly Donald
 41635 | Vaults:2 | Reached skill level 19 in Fighting
 42656 | Vaults:2 | Found a staircase to the Crypt.
 43200 | Vaults:2 | Reached skill level 20 in Fighting
 44670 | Vaults:3 | You fall into a shaft and drop 1 floor!
 45283 | Vaults:3 | Reached XP level 20. HP: 175/175 MP: 30/30
 45977 | Vaults:3 | Reached skill level 21 in Fighting
 46111 | Vaults:3 | Identified the +3 swamp dragon scales "Jugi" {Harm Rampage
                  | rPois Regen+ Slay-5}
 46284 | Vaults:3 | Found a portal to a secret trove of treasure.
 46926 | Vaults:4 | Found a runed translucent gate.
 46926 | Vaults:4 | Found a runed translucent gate.
 46926 | Vaults:4 | Found a runed translucent gate.
 46927 | Vaults:4 | Noticed TPoD's ghost (adept HOMo)
 46927 | Vaults:4 | Noticed Loush's ghost (veteran MiFi)
 47411 | Vaults:4 | Killed TPoD's ghost
 47433 | Vaults:4 | Killed Loush's ghost
 47946 | Depths:1 | Entered Level 1 of the Depths
 47996 | Depths:1 | Reached skill level 22 in Fighting
 48310 | Depths:1 | Found Wyc Raa's Blood Bar.
 48685 | Depths:1 | Identified the +3 dagger "Ethuur" {pain, Str+6}
 49095 | Depths:1 | Found a gateway to Hell.
 49373 | Depths:2 | Found a one-way gate to the infinite horrors of the Abyss.
 49418 | Depths:2 | Found a hide-covered altar of Uskayaw.
 49419 | Depths:2 | Found a bloodstained altar of Trog.
 49761 | Depths:2 | Reached skill level 23 in Fighting
 49783 | Depths:2 | Reached XP level 21. HP: 189/189 MP: 31/31
 49784 | Depths:2 | Found a one-way gateway to a ziggurat.
 49789 | Depths:2 | Paralysed by a floating eye for 2 turns
 50829 | Depths:2 | Found a one-way gate leading to the halls of Pandemonium.
 51439 | Depths:3 | Noticed Saint Roka
 51442 | Depths:3 | Noticed a golden dragon
 51456 | Depths:3 | Killed a golden dragon
 51474 | Depths:3 | Killed Saint Roka
 51736 | Depths:3 | Reached skill level 24 in Fighting
 51755 | Depths:3 | Reached skill level 15 in Invocations
 52239 | Depths:3 | Identified the +11 rapier of Contention {freeze, rElec
                  | rPois rN++ rCorr}
 52654 | Depths:3 | Identified the +2 broad axe of Responsibility {vorpal, rC+
                  | Dex+4}
 52785 | Depths:4 | Entered Level 4 of the Depths
 53344 | Depths:4 | Noticed a golden dragon
 53354 | Depths:4 | Killed a golden dragon
 53766 | Depths:4 | Found a gate to the Realm of Zot.
 54357 | Depths:4 | Noticed a caustic shrike
 54362 | Depths:4 | Killed a caustic shrike
 54474 | Depths:4 | Found Zitacu's General Store.
 54672 | Depths:4 | Noticed Margery
 54680 | Depths:4 | Reached skill level 25 in Fighting
 54687 | Depths:4 | Reached XP level 22. HP: 130/203 MP: 33/33
 54693 | Depths:4 | Killed Margery
 55841 | Vaults:5 | Entered Level 5 of the Vaults
 56122 | Vaults:5 | Identified the +0 robe "Oclangy" {rPois MP+9 Str+2 Slay-6}
 56280 | Vaults:5 | Noticed a dread lich
 56287 | Vaults:5 | Killed a dread lich
 56323 | Vaults:5 | Noticed an ancient lich
 56333 | Vaults:5 | Killed an ancient lich
 56334 | Vaults:5 | Reached skill level 26 in Fighting
 56605 | Vaults:5 | Noticed an ancient lich
 56610 | Vaults:5 | Killed an ancient lich
 57111 | Vaults:5 | Identified the amulet "Wucijed" {Spirit rElec rF+ Str-3}
 57158 | Vaults:5 | Identified the +0 buckler of the Ward {rF+}
 57161 | Vaults:5 | Got a silver rune of Zot
 57162 | Vaults:5 | Identified the +8 hunting sling "Killer Klown's Regret"
                  | {vorpal, rElec Int+4 Dex-5}
 57350 | Vaults:5 | Found the +9 heavy crossbow "Sniper" {vorpal, Acc+∞ SInv}
 57942 | Vaults:5 | Reached XP level 23. HP: 199/214 MP: 35/35
 58687 | Vaults:5 | Identified the +9 hand crossbow of Bread {penet, Fly rF+
                  | rCorr}
 58692 | Vaults:5 | Identified the ring of Recklessness {Ice rN+++ Str-5 Dex+2
                  | Slay-5}
 58890 | Vaults:5 | :)
 59927 | Pan      | Entered Pandemonium
 60493 | Pan      | Reached skill level 27 in Fighting
 60496 | Pan      | Identified a scroll of acquirement
 60528 | Pan      | Gained mutation: Your flesh is cold resistant. (rC+) [a
                  | neqoxec]
 60689 | Pan      | Acquired the +2 hat "Tagea" {Slay+6}
 60729 | Pan      | Found an exit through the horrors of the Abyss.
 61081 | Pan      | Noticed Biagg the pandemonium lord
 61103 | Pan      | Killed Biagg the pandemonium lord
 61840 | Pan      | Noticed Ebliwn Ogiev the pandemonium lord
 61861 | Pan      | Killed Ebliwn Ogiev the pandemonium lord
 61889 | Pan      | Reached skill level 15 in Dodging
 64587 | Pan      | Noticed Kamm the pandemonium lord
 64594 | Pan      | Killed Kamm the pandemonium lord
 64595 | Pan      | Reached XP level 24. HP: 217/224 MP: 35/35
 65694 | Pan      | Noticed Muiskyusmu the pandemonium lord
 65705 | Pan      | Killed Muiskyusmu the pandemonium lord
 66118 | Pan      | Identified the +7 halberd of the Sky {flame, rPois Int+5}
 66629 | Pan      | Found an exit through the horrors of the Abyss.
 66876 | Pan      | Found a runed translucent door.
 66886 | Pan      | Found a runed translucent door.
 66886 | Pan      | Found a runed translucent door.
 66903 | Pan      | Noticed Debrifom the pandemonium lord
 67491 | Pan      | Gained mutation: You tend to lose your temper in combat. [a
                  | neqoxec]
 67493 | Pan      | Gained mutation: Your magical capacity is low. (-10% MP) [a
                  | neqoxec]
 67495 | Pan      | Gained mutation: You are dopey. (Int -2) [a neqoxec]
 67497 | Pan      | Killed Debrifom the pandemonium lord
 67834 | Pan      | Reached skill level 15 in Polearms
 68045 | Pan      | Identified the +3 plate armour of Courage {*Slow rF+ Will+
                  | Regen+ Str+3}
 68161 | Pan      | Found a runed translucent door.
 68177 | Pan      | Identified the +4 halberd of Destiny {elec, rC+ Will+ Str+3
                  | Stlth+}
 68193 | Pan      | Gained mutation: You are weak. (Str -2) [a neqoxec]
 68774 | Pan      | Entered the realm of Mnoleg.
 68811 | Pan      | Gained mutation: Your flesh is very cold resistant. (rC++)
                  | [a neqoxec]
 68930 | Pan      | Gained mutation: You have hidden genetic defects. [a
                  | cacodemon]
 69007 | Pan      | Identified the +10 battleaxe "Vijiep" {drain, Fragile Will+
                  | Dex+3}
 69140 | Pan      | Found an exit through the horrors of the Abyss.
 69538 | Pan      | Gained mutation: You are frail. (-10% HP) [a neqoxec]
 69543 | Pan      | Gained mutation: You sometimes lose the ability to read
                  | scrolls when taking damage. [a neqoxec]
 69633 | Pan      | Noticed Mnoleg
 69655 | Pan      | Killed Mnoleg
 69683 | Pan      | Gained mutation: You are very weak. (Str -4) [hidden
                  | defects]
 69809 | Pan      | Got a glowing rune of Zot
 69991 | Pan      | Reached XP level 25. HP: 205/205 MP: 32/32
 69995 | Pan      | Gained mutation: You are occasionally teleported next to
                  | monsters. [a cacodemon]
 70663 | Pan      | Identified the +0 helmet of Death's Door {rElec Dex+2 SInv}
 70695 | Pan      | Entered the realm of Lom Lobon.
 70774 | Pan      | Gained mutation: Your body sometimes deteriorates upon
                  | taking damage. [hidden defects]
 70774 | Pan      | Lost mutation: You have hidden genetic defects. [hidden
                  | defects expressed]
 71309 | Pan      | Found an exit through the horrors of the Abyss.
 71724 | Pan      | Noticed Lom Lobon
 71797 | Pan      | Killed Lom Lobon
 71798 | Pan      | Blown up by a lich

Illustrated notes

∙∙∙▒∙▒)▒∙▒[∙∙∙\▒▒▒∙▒∙▒∙∙∙▒∙∙▒
∙∙∙▒∙▒∙▒∙=?(∙\)[∙▒∙▒∙▒∙∙∙▒∙∙▒
∙∙∙▒∙▒∙▒▒▒∙∙∙∙)▒∙▒∙▒∙▒∙∙∙▒∙∙▒
∙∙∙▒∙▒∙∙▒▒▒!)∙▒▒∙▒∙▒∙▒∙∙∙▒∙∙▒
▒∙∙▒∙▒▒∙∙∙▒▒∙▒▒∙∙▒∙▒∙▒∙∙▒▒∙∙▒
▒∙∙▒∙∙▒▒▒∙∙∙∙▒▒∙▒▒∙▒∙▒∙∙▒▒∙∙▒
▒∙∙▒▒∙∙∙▒▒▒▒▒▒∙∙▒∙∙▒∙▒∙∙▒▒∙∙▒
▒∙∙∙▒▒▒∙∙[)∙∙∙∙▒▒R▒▒∙▒∙∙▒▒∙∙▒
▒▒∙∙∙∙▒▒▒▒▒▒▒▒▒▒d∙▒∙∙▒∙▒▒▒∙∙▒
▒∙∙∙∙∙∙∙∙∙∙∙∙∙∙∙∙▒▒∙∙∙∙∙▒▒∙∙▒
∙∙▒∙∙▒▒▒▒▒▒▒▒▒▒▒▒▒∙∙∙∙▒∙∙▒∙∙▒
∙∙▒▒∙∙∙∙∙∙∙∙∙∙∙∙∙)∙∙∙▒▒∙∙∙∙∙▒
∙▒▒▒▒▒▒▒▒▒▒▒▒▒▒▒▒▒▒▒▒▒▒▒∙∙∙∙▒
∙∙∙∙∙∙∙∙∙∙∙∙∙)∙∙∙∙∙∙∙∙∙∙∙∙∙∙▒
∙∙∙∙∙∙∙∙∙∙∙∙∙∙∙∙∙∙∙∙∙∙∙∙∙∙∙∙▒
∙∙∙∙∙∙∙∙∙∙∙∙∙∙∙∙∙∙∙∙∙∙∙∙∙∙∙∙▒
∙∙∙∙∙∙∙∙∙∙∙∙∙∙∙∙∙∙∙∙∙∙∙∙∙∙∙∙▒


Turn 58890 on Vaults:5: :)

Levels and vault maps discovered:
D:1:      dpeg_arrival_water_fire, layout_basic,
          chequers_ecumenical_altar_simple
D:2:      layout_basic, serial_shops, shop, st_stairs_5,
          minmay_misc_feat_more_columns, uniq_sigmund
D:3:      layout_loops_ring, gammafunk_ghost_nasty_kobolds, minmay_pentangle,
          uniq_terence, uniq_crazy_yiuf_cottage
D:4:      layout_rooms, kennysheep_vampire_church,
          mainiacjoe_overflow_tiny_flanked, nicolae_sif_muna_little_library,
          minmay_temple_entry_statues_pillars, serial_shops,
          nicolae_lakefront_shop, lightli_corner_chamber, uniq_pikel
D:5:      layout_basic, gammafunk_temple_overflow_pools,
          mainiacjoe_overflow_concentric_impassable, serial_shops, shop
D:6:      layout_basic, serial_shops, nicolae_shop_crystal, shop, serial_glass,
          glass_columns_a, glass_columns_b
D:7:      layout_loops_ring, uniq_menkaure
D:8:      minmay_the_grid_square_5x5_3x3
          [minmay_the_grid_square_5x5_spiral_small,
          minmay_the_grid_square_5x5_comb, minmay_the_grid_square_5x5_bridge,
          minmay_the_grid_square_5x5_meh,
          minmay_the_grid_square_5x5_megaprize_crossed,
          minmay_the_grid_square_5x5_three_small,
          minmay_the_grid_square_5x5_minibox,
          minmay_the_grid_square_5x5_eight_small, minmay_the_grid_square_5x5_v],
          layout_rooms, gammafunk_temple_overflow_wave
D:9:      layout_big_octagon, minitemple
D:10:     lemuel_ice_spiral_2, layout_basic, dk_yredelemnul_ordeal
D:11:     layout_loops_ring, nrook_uturn
D:12:     layout_basic, orc_david_3, hangedman_parallel_progression
D:13:     layout_roguey, david_vaults_1, uniq_nessos
D:14:     layout_loops_cross, gammafunk_ghost_necromancy, roderic_malta_cross
D:15:     hangedman_depths_entry_civil_slaughter, layout_loops_cross,
          gauntlet_entry_generic, uniq_josephine
Temple:   eino_temple_lava
Lair:1:   layout_long_grid, grunt_megastairs_5
Lair:2:   layout_layer_cave, guppyfry_snake_entry_island,
          dreamdust_deal_with_the_devil, beast_lair_carwin_4, uniq_sonja
Lair:3:   layout_roguey, elwin_shoals_entry_rooms, basic_altar,
          grunt_megastairs_2, infiniplex_staircase_pool_2
Lair:4:   layout_gridlike
Lair:5:   layout_roguey [special_room_bee], fungi_pond_lemuel,
          chequers_serial_rivers_room_b, chequers_serial_rivers_micro_c,
          serial_bayou_pond_d, chequers_serial_rivers_small_a,
          lemuel_oklob_altar
Lair:6:   cheibrodos_lair_end_hotspot, layout_gridlike, slime_altar_1,
          serial_forest, infiniplex_forest_clump_diagonal,
          infiniplex_forest_3_way, infiniplex_forest_clump_curved,
          infiniplex_forest_lined_3, infiniplex_forest_straight_1,
          infiniplex_forest_lined_2, infiniplex_forest_lined_2,
          lemuel_fruit_tree
Shoals:1: layout_shoals, serial_shops, shop_coins,
          nicolae_shoals_kraken_intersection
Shoals:2: layout_shoals, uniq_ilsuiw, uniq_polyphemus
Shoals:3: layout_shoals, serial_shops, nicolae_shop_stone
Shoals:4: shoals_end_simple, layout_shoals, serial_shops, bzr_firewalk,
          nicolae_shoals_nautilus_by_nature, nicolae_shoals_kraken_party
Snake:1:  cheibrodos_snake_ritualist_ritual, layout_concentric_octagons,
          ebering_ghost_inner_flame, nicolae_snake_gridmaze_big_u,
          nicolae_snake_storage_room, uniq_aizul, uniq_agnes
Snake:2:  layout_chambers, nicolae_snake_ghostly_warrior_ritual
Snake:3:  layout_basic, serial_shops, nicolae_take_the_stairs,
          ebering_ghost_xom, nicolae_snake_boneroom
Snake:4:  snake_pit, layout_onion, special_room
Orc:1:    layout_caves
Orc:2:    st_orc_pillars, layout_diamond_mine, serial_shops,
          nicolae_shop_hallway_plus
Vaults:1: ebering_ghost_xom, st_lattice, nicolae_vaults_back_hallway,
          hangedman_vaults_impose, vaults_mumra_hex,
          ontoclasm_vaults_ring_large, grunt_vaults_focal,
          nicolae_vaults_windows_and_doors_thing, hangedman_vaults_pinch,
          vaults_room_fours, hangedman_vaults_unwind,
          hangedman_vaults_restitches, v_alt_pattern_4,
          layout_vaults_maze_bifur, serial_shops,
          nicolae_shop_bloodbath_and_beyond, uniq_donald
Vaults:2: minmay_crypt_entry_nasty_monster, v_misc_11,
          nicolae_vaults_border_crossing, ontoclasm_vaults_twist, v_misc_5,
          st_check, v_misc_27, layout_vaults_omnigrid
Vaults:3: nicolae_vaults_little_squares_3, hangedman_vaults_corner,
          hangedman_vaults_restitches, nicolae_vaults_little_ls,
          hangedman_vaults_variations, vaults_room_stairs_pillars, v_pattern_1,
          nicolae_vaults_three_branches, vaults_dpeg_spiral, v_misc_3,
          ontoclasm_vaults_fault, nicolae_vaults_little_squares_1,
          ontoclasm_vaults_ligature, ontoclasm_vaults_pinch, serial_ice_g,
          ontoclasm_vaults_ring_small, layout_vaults_omnibox,
          nicolae_trove_entry_crossroad
Vaults:4: gammafunk_ghost_cemetery, v_rooms_1, vaults_dpeg_cross,
          nicolae_vaults_big_ls, ontoclasm_vaults_spin,
          ontoclasm_vaults_decontamination, ontoclasm_vaults_hangar,
          vaults_room_semicircle, vaults_room_grunt_arrival_checkpoint,
          vaults_room_grunt_arrival_ludios, hangedman_vaults_snaps,
          nicolae_vaults_specimen_jars, layout_vaults_big_room
Vaults:5: serial_shops
Depths:1: layout_gridville, pf_coc_iceberg, guppyfry_shop_blood
Depths:2: minmay_spriggan_fort, layout_cave_pools, enter_ziggurat_c,
          trog_three_pillars_becter, rand_demon_pan_entry_9,
          hangedman_abyss_entry_splay, grunt_hell_entry_dis_mu,
          dancing_weapons_uskayaw
Depths:3: minmay_concentric_multi, layout_honeycomb, hell_entry, abyss_entry,
          uniq_saint_roka
Depths:4: grunt_crosshair, layout_basic, grunt_metal_band, serial_glass,
          glass_columns_b, glass_columns_c, serial_bayou_pond_b,
          minmay_shop_star
Pan:      grunt_pan_sceptre, layout_irregular_city, nicolae_pan_diamonds,
          layout_gridville, evilmike_mini_pan_corner, layout_basic,
          evilmike_mini_pan_corridor, layout_onion_city,
          nicolae_pan_lom_lobonic_2, rand_demon_7, layout_gridlike, mnoleg,
          layout_pan_divisions_a [pan_division_quadrant_a6,
          pan_division_quadrant_a2, pan_division_quadrant_a6,
          pan_division_quadrant_a3, pan_division_octagon_empty], rand_demon_4,
          layout_gridville, special_room [special_room_demon_pit],
          evilmike_mini_pan_T, layout_long_grid, reaverb_pan_squares,
          nicolae_pan_mnolegish_4, evilmike_mini_pan_T, layout_irregular_city,
          nicolae_pan_cerebovesque_2, nicolae_pan_sick_transit,
          evilmike_mini_pan_corner, layout_cellular_growth,
          lom_lobon_grunt_wind_tunnels, layout_irregular_city

Skill      XL: |  1  2  3  4  5  6  7  8  9 10 11 12 13 14 15 16 17 18 19 20 21 22 23 24 25 |
---------------+----------------------------------------------------------------------------+-----
Bows           | 4 5 6 7 8 10 12 14 15 16 17 18 19 20 22 23 24 | 24.0
Dodging        | 2 3 4 5 6 7 8 9 10 11 12 13 14 15 16 17 | 17.0
Stealth        | 1 2 3 4 5 6 7 |  7.5
Fighting       | 3 4 5 6 7 9 10 11 13 14 16 18 20 23 25 26 27 | 27.0
Staves         | 2 3 4 5 6 |  6.5
Invocations    | 2 3 5 6 7 8 9 10 11 12 13 14 15 16 17 18 19 | 19.1
Polearms       | 4 8 9 10 11 12 13 14 15 | 15.2
Shields        | 1 2 3 4 |  4.2
Short Blades   | |  0.5
Evocations     | |  0.1

Action                   |  1- 3 |  4- 6 |  7- 9 | 10-12 | 13-15 | 16-18 | 19-21 | 22-24 | 25-27 || total
-------------------------+-------+-------+-------+-------+-------+-------+-------+-------+-------++-------
Melee: Short sword       |     9 |     4 |       |       |       |       |       |       |       ||    13
       Tailslap          |     1 |     3 |     3 |    14 |    49 |    12 |    17 |    13 |    22 ||   134
       Quarterstaff      |       |    34 |    24 |    93 |    49 |       |       |       |       ||   200
       Glaive            |       |       |       |     2 |   302 |    75 |    65 |    34 |     8 ||   486
       Trident           |       |       |       |       |       |       |       |    23 |       ||    23
       Lajatang          |       |       |       |       |       |       |       |     2 |    60 ||    62
 Fire: Shortbow          |    65 |    53 |   225 |   398 |       |       |       |       |       ||   741
       Longbow           |       |       |       |   100 |   904 |  1231 |  1513 |  1698 |   272 ||  5718
Throw: Dart              |       |       |       |       |     1 |     1 |       |       |       ||     2
Invok: Ancestor Life: Kn |       |       |     1 |       |       |       |       |       |       ||     1
       Ancestor Identity |       |       |     1 |       |       |       |       |       |       ||     1
       Recall Ancestor   |       |       |       |     1 |     1 |     6 |     1 |     4 |     4 ||    17
       Idealise          |       |       |       |       |     8 |     8 |     8 |    14 |     1 ||    39
       Transference      |       |       |       |       |     1 |       |       |     1 |       ||     2
Evoke: Wand              |       |       |       |       |     2 |       |     2 |       |       ||     4
  Use: Scroll            |       |     3 |     4 |    16 |    13 |     6 |     6 |     7 |       ||    55
       Potion            |       |       |       |       |     1 |     2 |     2 |    10 |     6 ||    21
 Stab: Sleeping          |     1 |       |     1 |       |     3 |       |     1 |       |       ||     6
       Distracted        |       |       |       |     2 |     4 |     1 |     1 |     2 |     2 ||    12
Armor: Skin              |     3 |     7 |    19 |    69 |   163 |   105 |    66 |   107 |    48 ||   587
Dodge: Dodged            |    10 |    20 |    25 |    96 |   355 |   225 |   183 |   283 |   107 ||  1304
Block: Other             |       |       |       |     9 |    83 |    58 |    38 |    15 |       ||   203
       Reflection        |       |       |       |       |     8 |    16 |    13 |     3 |       ||    40
